 Dungeon Crawl Stone Soup version 0.28.0-45-g0d030f2227 (webtiles) character file.

Game seed: 18225702011820131367

410 Kangaroobicon the Cudgeller (level 6, -3/61 HPs)
             Began as a Troll Berserker on Apr 18, 2022.
             Was a Believer of Trog.
             Slain by a river rat (5 damage)
             ... summoned by Eustachio
             ... on level 4 of the Dungeon.
             The game lasted 00:26:26 (2509 turns).

Kangaroobicon the Cudgeller (Troll Berserker)       Turns: 2509, Time: 00:26:26

Health: -3/61      AC:  4    Str: 26      XL:     6   Next: 58%
Magic:  5/5        EV: 10    Int:  3      God:    Trog [**....]
Gold:   146        SH:  0    Dex: 10 (11) Spells: 5/5 levels left

rFire   . . .      SeeInvis .   a - +0 mace
rCold   . . .      Faith    .   (no shield)
rNeg    . . .      Spirit   .   b - +0 animal skin
rPois   .          Reflect  .   (helmet restricted)
rElec   .          Harm     .   (no cloak)
rCorr   .          Rampage  .   (gloves unavailable)
Will    .....                   (boots unavailable)
Stlth   +.........              (no amulet)
HPRegen 1.00/turn               (no ring)
MPRegen 0.09/turn               (no ring)

@: invisible
A: large, unfitting armour, claws 3, regeneration 1, shaggy fur 1, tough skin 1
a: Renounce Religion, Berserk, Trog's Hand


You were on level 4 of the Dungeon.
You worshipped Trog.
Trog was pleased with you.
You visited 1 branch of the dungeon, and saw 4 of its levels.

You collected 159 gold pieces.
You spent 13 gold pieces at shops.

Inventory:

Hand Weapons
 a - a +0 mace (weapon)
 j - a +0 hunting sling
 u - a +2 short sword of freezing
Missiles
 e - an atropa-tipped dart
 g - 131 stones (quivered)
 l - 32 bolts
 n - 33 arrows
 w - 5 javelins
 x - a boomerang
Armour
 b - a +0 animal skin (worn)
Jewellery
 q - a ring of see invisible
Wands
 y - a wand of flame (16)
 A - a wand of iceblast (10)
Scrolls
 c - a scroll of identify
 h - 2 scrolls of holy word
 m - a scroll of teleportation {unknown}
 p - a scroll of acquirement {unknown}
 r - a scroll of fear {unknown}
 s - a scroll of enchant armour {unknown}
 t - a scroll of magic mapping {unknown}
Potions
 d - a potion of flight {unknown}
 f - a potion of heal wounds {unknown}
 k - a potion of attraction {unknown}
 o - a potion of lignification {unknown}
 z - a potion of haste {unknown}


   Skills:
 + Level 3.3 Fighting
 + Level 5.1 Maces & Flails
 * Level 2.4 Throwing
 + Level 3.2 Dodging
 + Level 0.1 Stealth


You had 5 spell levels left.
You didn't know any spells.
Your spell library was empty.

Dungeon Overview and Level Annotations

Branches:
Dungeon (4/15)
 Temple: D:4-7

Altars:

Shops:
D:4 !

Annotations:
D:4 Eustachio


Innate Abilities, Weirdness & Mutations

You are too large for most types of armour.
You have claws for hands.
Your natural rate of healing is unusually fast.
You are covered in fur. (AC +1)
You have tough skin. (AC +1)


Message History

The quasit claws you but does no damage.
The river rat bites you but does no damage.
The quasit bites you but does no damage.
The quasit claws you.
* * * LOW HITPOINT WARNING * * *
The quasit claws you but does no damage.
You closely miss the bat. The bat hits you but does no damage. x2
The bat closely misses you.
Eustachio mumbles some strange words.
The quasit bites you but does no damage.
The quasit barely misses you.
The quasit claws you but does no damage.
The river rat barely misses you. The bat hits you but does no damage.
Eustachio barely misses you. The bat hits you.
* * * LOW HITPOINT WARNING * * *
The bat barely misses you. The bat closely misses you.
The bat barely misses you. The quasit bites you.
* * * LOW HITPOINT WARNING * * *
The quasit barely misses you.
The quasit claws you but does no damage.
Eustachio gestures wildly while chanting.
Eustachio blinks!
The white imp gestures at you. The puff of frost hits you!
* * * LOW HITPOINT WARNING * * *
You fade into invisibility!
The bat barely misses you. The bat hits you but does no damage. x2
The quasit bites you but does no damage.
The quasit barely misses you.
The quasit claws you but does no damage.
The river rat barely misses you. The white imp hits you.
* * * LOW HITPOINT WARNING * * *
The white imp freezes you.
* * * LOW HITPOINT WARNING * * *
You hit the white imp but do no damage. The bat hits you but does no damage. x2
The quasit barely misses you.
The quasit claws you but does no damage. x2
The river rat bites you.
You die...

. ##........##.............
#..###.............#..........
#..........@.................
#..###....(......##...........
. #.............###.........
#.............# ##......##
#........b§...# ####...#
#.......b55r...# ###...
#.........@....# #..
##.......b....## #.
#............# ##..........##
#..........# ##.(......##
##.......# #......##


You could see Eustachio, a quasit (summoned), a river rat (summoned), a white
imp (summoned) and 3 bats.

Vanquished Creatures
  An ogre (D:4)
  A scorpion (D:4)
  A bullfrog skeleton (D:4)
  A centaur skeleton (D:4)
  Jessica (D:2)
  An iguana (D:4)
  Ijyb (D:4)
  6 adders
  2 dart slugs (D:2)
  7 orcs
  A bat (D:2)
  8 endoplasms
  A giant cockroach (D:2)
  6 hobgoblins
  2 jackals (D:3)
  5 quokkas
  9 ball pythons
  5 frilled lizards
  A goblin (D:3)
  5 kobolds
  6 rats
71 creatures vanquished.

Notes
Turn   | Place    | Note
-------+----------+-------------------------------------------
     0 | D:1      | Kangaroobicon the Troll Berserker began the quest for the
                  | Orb.
     0 | D:1      | Reached XP level 1. HP: 22/22 MP: 0/0
   170 | D:1      | Found a faded altar of an unknown god.
   311 | D:1      | Reached XP level 2. HP: 29/29 MP: 1/1
   651 | D:2      | Reached skill level 3 in Maces & Flails
   663 | D:2      | Reached skill level 1 in Throwing
   760 | D:2      | Reached XP level 3. HP: 36/36 MP: 2/2
   823 | D:2      | Reached ** piety under Trog
  1079 | D:2      | Noticed Jessica
  1088 | D:2      | Killed Jessica
  1089 | D:2      | Reached XP level 4. HP: 36/44 MP: 3/3
  2110 | D:4      | Reached XP level 5. HP: 18/53 MP: 4/4
  2274 | D:4      | Reached skill level 4 in Maces & Flails
  2346 | D:4      | Found Feucautt's Distillery.
  2347 | D:4      | Noticed Ijyb
  2361 | D:4      | Killed Ijyb
  2368 | D:4      | Bought a potion of degeneration for 13 gold pieces
  2396 | D:4      | Reached XP level 6. HP: 41/61 MP: 5/5
  2410 | D:4      | Reached skill level 5 in Maces & Flails
  2439 | D:4      | Noticed Eustachio
  2475 | D:4      | HP: 3/61 [Eustachio/+0 rapier (11)]
  2508 | D:4      | HP: 1/61 [white imp[Eustachio] (5)]
  2509 | D:4      | Slain by a river rat

Illustrated notes

Levels and vault maps discovered:
D:1:      ncdulo_lavacross, layout_loops_cross, dreamdust_ecumenical_altar_grove
D:2:      layout_loops_ring, minivault_5, uniq_jessica
D:3:      layout_basic
D:4:      layout_cave_pods, nicolae_yredelemnul_corpse_copse, serial_shops,
          shop, uniq_eustachio, uniq_ijyb

Skill      XL: |  1  2  3  4  5  6 |
---------------+-------------------+-----
Maces & Flails | 3 4 5 |  5.1
Throwing       | 1 2 |  2.4
Fighting       | 3 |  3.3
Dodging        | 3 |  3.2
Stealth        | |  0.1

Action                   |  1- 3 |  4- 6 || total
-------------------------+-------+-------++-------
Melee: Mace              |    97 |   195 ||   292
       Punch             |     1 |       ||     1
Throw: Stone             |       |     7 ||     7
       Boomerang         |       |     2 ||     2
       Dart              |       |     6 ||     6
  Use: Scroll            |       |     2 ||     2
       Potion            |       |     2 ||     2
 Stab: Invisible         |       |     2 ||     2
Armor: Animal skin       |    32 |   116 ||   148
Dodge: Dodged            |    60 |   166 ||   226
